Construct Section Command Post
Selects Canadian Shock Battlegroup
Selects Offensive Resupply
Selects Canadian Shock Section
Construct Field Infirmary
Selects Incendiary Munitions
Construct Platoon Command Post
6-pounder Anti-tank Gun Team
Unlock Bishop Self-propelled Artillery
Selects Demolition Engineering
Bishop Self-propelled Artillery
Bishop Self-propelled Artillery
Construct Company Command Post
Bishop Self-propelled Artillery
Unlock Towed 17-pounder Anti-tank Guns
17-pounder Anti-tank Gun Team
17-pounder Anti-tank Gun Team
17-pounder Anti-tank Gun Team
17-pounder Anti-tank Gun Team
17-pounder Anti-tank Gun Team
Bishop Self-propelled Artillery
17-pounder Anti-tank Gun Team